 Dungeon Crawl Stone Soup version 0.27.1 (webtiles) character file.

Game seed: 15851979604286891958

136 Gwenloh the Slasher (level 5, -2/41 HPs)
             Began as a Human Fighter on Aug 30, 2021.
             Slain by Grinder (6 damage)
             ... on level 3 of the Dungeon.
             The game lasted 00:06:42 (3197 turns).

Gwenloh the Slasher (Human Fighter)                 Turns: 3197, Time: 00:06:43

Health: -2/41      AC:  6    Str: 16    XL:     5   Next: 43%
Magic:  5/5        EV:  6    Int:  8    God:
Gold:   86         SH:  9    Dex: 14    Spells: 4/4 levels left

rFire    . . .     SeeInvis .   a - +0 long sword
rCold    . . .     Faith    .   c - +0 kite shield
rNeg     . . .     Spirit   .   b - +0 scale mail
rPois    .         Reflect  .   (no helmet)
rElec    .         Harm     .   (no cloak)
rCorr    .         Rampage  .   (no gloves)
Will     .....                  (no boots)
Stlth    ..........             (no amulet)
HPRegen  0.13/turn              (no ring)
MPRegen  0.09/turn              (no ring)

@: no status effects
A: no striking features
a: no special abilities


You were on level 3 of the Dungeon.
You visited 1 branch of the dungeon, and saw 3 of its levels.

You collected 86 gold pieces.

Inventory:

Hand Weapons
 a - a +0 long sword (weapon)
Missiles
 f - 62 sling bullets
 g - 26 stones (quivered)
 p - 19 bolts
Armour
 b - a +0 scale mail (worn)
 c - a +0 kite shield (worn)
Scrolls
 e - a scroll of amnesia {unknown}
 h - a scroll of brand weapon {unknown}
 i - 2 scrolls of teleportation {unknown}
 l - a scroll of fog {unknown}
 m - a scroll of vulnerability {unknown}
 n - a scroll of identify {unknown}
Potions
 d - a potion of might
 k - a potion of curing {unknown}
 o - a potion of ambrosia {unknown}
 q - 3 potions of attraction {unknown}


   Skills:
 - Level 3.0 Fighting
 + Level 5.2 Long Blades
 - Level 3.0 Armour
 - Level 3.0 Shields


You had 4 spell levels left.
You didn't know any spells.
Your spell library was empty.

Dungeon Overview and Level Annotations

Branches:
Dungeon (3/15)

Altars:
Qazlal

Shops:
D:1 !

Annotations:
D:3 Grinder


Message History

Grinder says, "Don't move a muscle."
Grinder hits you.
* * * LOW HITPOINT WARNING * * *
You writhe in agony.
* * * LOW HITPOINT WARNING * * *
You feel much better. Grinder hits you!
You barely miss Grinder.
Grinder is heavily wounded.
Grinder hits you.
You writhe in agony.
You closely miss Grinder.
Grinder is heavily wounded.
Grinder barely misses you.
Grinder says, "You look like you could use a good racking."
Grinder hits you but does no damage.
Your shield and scale mail prevent you from hitting Grinder.
Grinder is heavily wounded.
Grinder hits you.
You writhe in agony.
You closely miss Grinder.
Grinder is heavily wounded.
Grinder gestures at you. Pain shoots through your body!
You slash Grinder!
Grinder is severely wounded.
Grinder gestures at you. Pain shoots through your body!
* * * LOW HITPOINT WARNING * * *
Grinder closely misses you.
You hit Grinder but do no damage.
Grinder is severely wounded.
You block Grinder's attack.
You closely miss Grinder.
Grinder is severely wounded.
You block Grinder's attack.
You hit Grinder.
Grinder is almost dead.
Grinder gestures at you.
You barely resist. Grinder hits you!
* * * LOW HITPOINT WARNING * * *
You writhe in agony.
You die...

........# #.....#.####
#...........
#.[.........
########...........
.....)<#..........
...............####
.#######.......5..######
......#####.##..@.......
..#...............######
..#.#.#####.#..#..#
..#.# # #.#$.#..#
..#.#+#####.#..#..#
............#..#..#
.<...5......#..#..#
............#.>....
....$.......##.#


You could see Grinder.

Vanquished Creatures
  Jessica (D:2)
  An orc wizard (D:2)
  3 adders
  2 worms (D:2)
  2 dart slugs
  4 orcs
  6 ball pythons
  3 bats
  2 endoplasms
  5 giant cockroaches
  3 goblins (D:2)
  4 hobgoblins (D:1)
  2 kobolds
  2 quokkas
  2 frilled lizards (D:2)
  3 rats
45 creatures vanquished.

Notes
Turn   | Place    | Note
-------+----------+-------------------------------------------
     0 | D:1      | Gwenloh the Human Fighter began the quest for the Orb.
     0 | D:1      | Reached XP level 1. HP: 18/18 MP: 1/1
     3 | D:1      | Found Xifemesi's Distillery.
   293 | D:1      | Reached XP level 2. HP: 22/24 MP: 2/2
   444 | D:1      | Reached skill level 3 in Long Blades
   962 | D:1      | Reached XP level 3. HP: 25/29 MP: 3/3
  1771 | D:2      | Noticed Jessica
  1780 | D:2      | Killed Jessica
  1781 | D:2      | Reached skill level 4 in Long Blades
  1781 | D:2      | Reached XP level 4. HP: 11/35 MP: 4/4
  2717 | D:2      | Reached skill level 5 in Long Blades
  2717 | D:2      | Reached XP level 5. HP: 21/41 MP: 5/5
  2897 | D:3      | Noticed Grinder
  2899 | D:3      | Paralysed by Grinder for 7 turns
  3095 | D:3      | Found a stormy altar of Qazlal.
  3197 | D:3      | Slain by Grinder

Illustrated notes

Levels and vault maps discovered:
D:1:      minmay_arrival_stone_box, layout_basic, serial_shops, shop,
          serial_forest, infiniplex_forest_lined_room_2,
          infiniplex_forest_lined_corner, infiniplex_forest_corner_1,
          infiniplex_forest_clump_small, infiniplex_forest_zigzag_1,
          infiniplex_forest_clump_tiny, infiniplex_forest_lined_3
D:2:      layout_basic, uniq_jessica
D:3:      layout_basic, mainiacjoe_overflow_boulevard, minmay_misc_feat_iff,
          uniq_grinder

Skill      XL: |  1  2  3  4 |
---------------+-------------+-----
Long Blades    | 3 4 5 |  5.2
Fighting       | |  3.0
Armour         | |  3.0
Shields        | |  3.0

Action                   |  1- 3 |  4- 6 || total
-------------------------+-------+-------++-------
Melee: Long sword        |    69 |    91 ||   160
Throw: Stone             |    66 |    27 ||    93
  Use: Potion            |     1 |     3 ||     4
Armor: Scale mail        |    23 |    57 ||    80
Dodge: Dodged            |    10 |    35 ||    45
Block: Kite shield       |    27 |    56 ||    83
       Rpst.: Long sword |     1 |     7 ||     8
